 Dungeon Crawl Stone Soup version 0.29-a0-648-g6b26cc9f40 (webtiles) character file.

Game seed: 10963485280147160779

648 Querens the Shield-Bearer (level 8, -2/68 HPs)
             Began as a Meteoran Fighter on June 20, 2022.
             Slain by a gnoll
             ... wielding a +0 flail
              (5 damage)
             ... on level 5 of the Dungeon.
             The game lasted 00:07:52 (2386 turns).

Querens the Shield-Bearer (Meteoran Fighter)        Turns: 2386, Time: 00:07:53

Health: -2/68      AC:  6    Str: 18 (19) XL:     8   Next: 9%
Magic:  9/9        EV:  9    Int: 10      God:
Gold:   216        SH:  9    Dex: 12 (14) Spells: 7/7 levels left

rFire   . . .      SeeInvis .   a - +0 war axe
rCold   . . .      Faith    .   o - +0 kite shield
rNeg    . . .      Spirit   .   b - +0 scale mail
rPois   .          Reflect  .   (no helmet)
rElec   .          Harm     .   c - +0 cloak
rCorr   .          Rampage  .   (no gloves)
Will    +....                   l - +0 pair of boots
Stlth   ..........              (no amulet)
HPRegen 0.21/turn               (no ring)
MPRegen 0.11/turn               (no ring)

@: corroded, glowing
A: sense surroundings 1, otherworldly, glowing, explore regen
a: no special abilities


You were on level 5 of the Dungeon.
You visited 1 branch of the dungeon, and saw 5 of its levels.

You collected 306 gold pieces.
You spent 90 gold pieces at shops.

Inventory:

Hand Weapons
 a - a +0 war axe (weapon)
Armour
 b - a +0 scale mail (worn)
 c - a +0 cloak (worn)
 l - a +0 pair of boots (worn)
 o - a +0 kite shield (worn)
Scrolls
 e - a scroll of amnesia
 f - a scroll of teleportation {unknown}
 g - a scroll of summoning
 h - a scroll of poison {unknown}
 m - 3 scrolls of magic mapping
 n - a scroll of fog
 q - a scroll of enchant weapon
 r - a scroll of enchant armour {unknown}
Potions
 d - a potion of brilliance


   Skills:
 + Level 5.0 Fighting
 + Level 4.9 Axes
 + Level 5.5 Armour
 + Level 3.9 Dodging
 + Level 5.5 Shields


You had 7 spell levels left.
You didn't know any spells.
Your spell library contained the following spells:

 Spells                   Type           Power      Damage    Failure   Level
 Freeze                   Ice            0%         1d3       97%         1
 Frozen Ramparts          Ice            0%         1d2       100%        3
 Hailstorm                Conj/Ice       0%         3d3       100%        4


Dungeon Overview and Level Annotations

Branches:
Dungeon (5/15) Zot: 492
 Temple: D:4-7

Altars:
Fedhas
The Shining One

Shops:
D:2 *


Innate Abilities, Weirdness & Mutations

You passively map a small area around you.
You are easily found by Zot.
You glow in the dark.
You regain HP and MP as you explore.


Message History

You hit the gnoll.
The gnoll is almost dead.
You hit the gnoll. You barely miss the gnoll. You closely miss the gnoll.
You slash the jelly!
You kill the jelly!
You block the gnoll's attack. The gnoll hits you with a +0 spear.
The gnoll hits you but does no damage. The gnoll hits you with a +0 flail.
* * * LOW HITPOINT WARNING * * *
Unknown command.
You closely miss the gnoll.
The gnoll is almost dead.
You closely miss the gnoll. You hit the gnoll but do no damage.
You completely miss the gnoll. You block the gnoll's attack.
The gnoll hits you with a +0 whip.
* * * LOW HITPOINT WARNING * * *
The gnoll hits you with a +0 club.
* * * LOW HITPOINT WARNING * * *
The gnoll hits you with a +0 flail.
* * * LOW HITPOINT WARNING * * *
Unknown command.
Unknown command.
You completely miss the gnoll.
The gnoll is almost dead.
You hit the gnoll. You closely miss the gnoll. You hit the gnoll.
The gnoll hits you with a +0 spear.
* * * LOW HITPOINT WARNING * * *
The gnoll closely misses you. The gnoll hits you but does no damage.
The gnoll hits you with a +0 club.
* * * LOW HITPOINT WARNING * * *
The gnoll hits you but does no damage. You block the gnoll's attack.
The gnoll closely misses you. x2
Unknown command.
Unknown command.
You closely miss the gnoll.
The gnoll is almost dead.
You hit the gnoll but do no damage. You hit the gnoll. x2
You block the gnoll's attack. The gnoll hits you with a +0 spear.
* * * LOW HITPOINT WARNING * * *
You block the gnoll's attack. The gnoll hits you with a +0 flail.
You die...

* * . #.# * ,
## #.# ,, #.#
** ###.### ,
#.....# #.....#
* , #..g..#
#.g@g?# * ,,
#...g.# ,,
###.### * ,
#.#############
#............<#
#############.#
#.#### #.....
######


You could see 4 gnolls.

Vanquished Creatures
  A black bear (D:4)
  A phantom (D:4)
  A gnoll sergeant (D:4)
  2 necrophages (D:4)
  2 hounds
  A jelly (D:5)
  A gnoll shaman (D:4)
  7 gnolls
  4 adders
  A white imp (D:5)
  2 dart slugs (D:1)
  2 orcs
  7 endoplasms
  2 giant cockroaches
  8 goblins
  6 hobgoblins
  6 jackals
  2 quokkas (D:1)
  A ball python (D:4)
  2 bats
  3 frilled lizards (D:1)
  5 kobolds
  7 rats
  A toadstool (D:1)
75 creatures vanquished.

Vanquished Creatures (others)
  A fungus (D:1)
  4 toadstools (D:1)
5 creatures vanquished.

Grand Total: 80 creatures vanquished

Notes
Turn   | Place    | Note
-------+----------+-------------------------------------------
     0 | D:1      | Querens the Meteoran Fighter began the quest for the Orb.
     0 | D:1      | Reached XP level 1. HP: 19/19 MP: 2/2
    49 | D:1      | Reached XP level 2. HP: 20/26 MP: 3/3
   119 | D:1      | Reached skill level 1 in Dodging
   119 | D:1      | Reached XP level 3. HP: 25/31 MP: 4/4
   573 | D:2      | Reached XP level 4. HP: 32/40 MP: 5/5
   955 | D:2      | Found Nuwenel's General Store.
   962 | D:2      | Bought a scroll of fog for 24 gold pieces
   962 | D:2      | Bought a scroll of magic mapping for 42 gold pieces
   962 | D:2      | Bought a scroll of identify for 24 gold pieces
  1192 | D:3      | Reached XP level 5. HP: 38/46 MP: 6/6
  1653 | D:4      | Noticed a necrophage
  1671 | D:4      | Killed a necrophage
  1694 | D:4      | Found a glowing golden altar of the Shining One.
  1854 | D:4      | Reached XP level 6. HP: 52/52 MP: 7/7
  1921 | D:4      | Noticed a black bear
  1956 | D:4      | Killed a black bear
  1970 | D:4      | Reached skill level 5 in Armour
  1970 | D:4      | Reached skill level 5 in Shields
  1970 | D:4      | Reached XP level 7. HP: 31/60 MP: 8/8
  2191 | D:4      | Glimpsed the power of Zot.
  2239 | D:4      | Glimpsed the power of Zot.
  2279 | D:5      | Entered Level 5 of the Dungeon
  2288 | D:5      | Reached skill level 5 in Fighting
  2288 | D:5      | Reached XP level 8. HP: 59/68 MP: 9/9
  2304 | D:5      | Found a blossoming altar of Fedhas.
  2386 | D:5      | HP: 3/68 [gnoll/+0 spear (1)]
  2386 | D:5      | Slain by a gnoll

Illustrated notes

Levels and vault maps discovered:
D:1:      lemuel_arrival_tunnels, layout_rooms, glass_columns_b,
          minmay_gold_behind_fungi, hangedman_decor_clover_reticule,
          feat_on_display
D:2:      cheibrodos_helix_gallery, layout_basic, serial_shops, shop
D:3:      layout_loops_ring, grunt_decor_cap, kennysheep_generic_room_14
D:4:      layout_basic, nicolae_tso_swordbearing_angel, eino_tiny_chamber
D:5:      layout_loops_ring, fedhas_ov_isle_minmay,
          mainiacjoe_overflow_two_lobes, uniq_duvessa, uniq_eustachio

Skill      XL: |  1  2  3  4  5  6  7 |
---------------+----------------------+-----
Dodging        | 1 2 3 |  3.9
Shields        | 4 5 |  5.5
Axes           | 3 4 |  4.9
Armour         | 4 5 |  5.5
Fighting       | 4 5 |  5.0

Action                   |  1- 3 |  4- 6 |  7- 9 || total
-------------------------+-------+-------+-------++-------
Melee: War axe           |   102 |   120 |    62 ||   284
  Use: Potion            |       |     3 |     3 ||     6
       Scroll            |       |     1 |     4 ||     5
Armor: Scale mail        |    57 |    82 |    33 ||   172
Dodge: Dodged            |    48 |    61 |    33 ||   142
Block: Buckler           |    33 |    19 |       ||    52
       Kite shield       |       |    51 |    41 ||    92

Table legend: (Time is in decaauts)
 A = Elapsed time spent in this place.
 B = Non-inter-level travel time spent in this place.
 C = Inter-level travel time spent in this place.
 D = Time resting spent in this place.
 E = Time spent auto-exploring this place.
 F = Levels seen in this place.
 G = Mean time per level.
                   A        B        C        D        E       F      G
               +--------+--------+--------+--------+--------+-----+--------+
         Total |   2506 |   2263 |    243 |      0 |      0 |   5 |  501.2 |
       Dungeon |   2506 |   2263 |    243 |      0 |      0 |   5 |  501.2 |
               +--------+--------+--------+--------+--------+-----+--------+

Top non-repeatable levels by time:
     D:4: 819 daAuts
     D:2: 537 daAuts
     D:3: 535 daAuts
     D:1: 497 daAuts
     D:5: 116 daAuts
